 Dungeon Sprint DCSS version 0.22.1-1-ga44c0e56f4 (webtiles) character file.

387 MuseOD the Covert (level 6, -1/33 HPs)
             Began as a Spriggan Enchanter on Sept 23, 2018.
             Was a Believer of Dithmenos.
             Killed by static electricity
             ... invoked by an insubstantial wisp
              (5 damage)
             ... in the Dungeon (Sprint V: "Ziggurat Sprint").
             The game lasted 00:01:41 (488 turns).

MuseOD the Covert (Spriggan Enchanter)               Turns: 488, Time: 00:01:42

Health: -1/33      AC:  2    Str:  4    XL:     6   Next: 49%
Magic:  16/16      EV: 18    Int: 19    God:    Dithmenos [**....]
Gold:   0          SH:  0    Dex: 16    Spells: 8/17 levels left

rFire    . . .     SeeInvis +   E - +5 quick blade
rCold    . . .     Gourm    .   (shield restricted)
rNeg     . . .     Faith    .   b - +0 robe
rPois    .         Spirit   .   (helmet restricted)
rElec    .         Reflect  .   (no cloak)
rCorr    .         Harm     .   (gloves unavailable)
MR       +....     NoTele   +   (boots unavailable)
Stlth    +++++++...             (no amulet)
HPRegen  0.11/turn              (no ring)
MPRegen  0.15/turn              (no ring)

@: flying (expiring), wreathed by umbra, very quick
A: very small, unfitting armour, see invisible, herbivore, speed 3, slow
metabolism 2
a: Shadow Step, Renounce Religion


You were in the Dungeon.
You worshipped Dithmenos.
Dithmenos was pleased with you.
You were not hungry.

You visited 1 branch

Inventory:

Hand Weapons
 a - a +1 dagger
 E - a +5 quick blade (weapon)
 F - the +12 Vampire's Tooth {vamp}
   (You found it in the Dungeon)

   It inflicts no extra harm, but heals its wielder when it wounds a living foe.
Armour
 b - a +0 robe (worn)
Jewellery
 m - an uncursed ring of fire
 v - a +6 ring of dexterity
 w - a +6 ring of dexterity
 x - a +6 ring of intelligence
 y - a +6 ring of intelligence
 z - a +6 ring of strength
 A - a +6 ring of strength
Wands
 B - a wand of disintegration (7)
 C - a wand of iceblast (7)
 D - a wand of acid (7)
Scrolls
 j - 4 scrolls of blinking
 p - 4 scrolls of amnesia
 q - 7 scrolls of fog
 r - a scroll of holy word
 s - 5 scrolls of identify
 t - 5 scrolls of remove curse
 u - 2 scrolls of fear
Potions
 c - 2 potions of brilliance
 e - 10 potions of curing
 f - 10 potions of heal wounds
 g - 6 potions of haste
 h - 7 potions of magic
 i - 3 potions of berserk rage
 k - 2 potions of invisibility
 l - 4 potions of resistance
 n - 5 potions of agility
 o - 5 potions of might
Comestibles
 d - 7 rations


   Skills:
 - Level 4.2 Fighting
 + Level 9.8 Short Blades
 - Level 3.0 Dodging
 + Level 11.8 Stealth
 + Level 6.4 Spellcasting
 + Level 6.9 Hexes


You had 8 spell levels left.
You knew the following spells:

 Your Spells              Type           Power        Failure   Level  Hunger
a - Corona                Hex            ####...      1%          1    None
b - Ensorcelled Hibernat  Hex/Ice        ###...       4%          2    None
c - Confuse               Hex            ####....     1%          3    ##.....
d - Dazzling Spray        Conj/Hex       ###...       8%          3    ##.....

Your spell library contained the following spells:

 Spells                   Type           Power        Failure   Level  Hunger
 Tukima's Dance           Hex            ####....     1%          3    ##.....


Dungeon Overview and Level Annotations

Branches:
Dungeon (1/1)

Altars:
Ashenzari
Cheibriados
Dithmenos
Elyvilon
Fedhas
Gozag
Hepliaklqana
Kikubaaqudgha
Makhleb
Nemelex Xobeh
Okawaru
Qazlal
Ru
Sif Muna
Trog
Uskayaw
Vehumet
Wu Jian
Xom
Yredelemnul
Zin
The Shining One
Beogh
Jiyva
Lugonu

Annotations:
D 1 transporter


Innate Abilities, Weirdness & Mutations

You are very small and have problems with some larger weapons.
You are too small for most types of armour.
You have supernaturally acute eyesight. (SInv)
You are a herbivore.
You cover ground extremely quickly.
You need to consume almost no food.


Message History

Casting: Ensorcelled Hibernation (safe; 4% risk of failure)
Confirm with . or Enter, or press ? or * to list all spells.
You can't see any susceptible monsters within range! (Use Z to cast anyway.)
Casting: Ensorcelled Hibernation (safe; 4% risk of failure)
Confirm with . or Enter, or press ? or * to list all spells.
You can't see any susceptible monsters within range! (Use Z to cast anyway.)
The insubstantial wisp gives a chilling moan.
The vortex of raging winds lifts you up.
You fly up into the air.
You are engulfed in raging winds.
The air elemental misses you.
You are engulfed in raging winds.
The insubstantial wisp blinks!
The insubstantial wisp hits you!
The insubstantial wisp blinks!
You are engulfed in raging winds.
The insubstantial wisp hits you. The air elemental misses you.
You are engulfed in raging winds.
The insubstantial wisp hits you!
* * * LOW HITPOINT WARNING * * *
The insubstantial wisp thrums sharply.
You are struck by lightning.
You die...

▓.).).▓.))..▓.....▓
▓..)..▓.....▓.|.).▓
▓.....▓.....▓.....▓
▓.....▓.....▓.....▓
▓.....▓.....▓..©..▓
▓..©..▓..©..▓▓▓▓▓▓▓
▓▓▓▓▓▓▓▓▓▓▓▓▓▓
▓..8©8...▓
▓..}|@...▓
▓...vvE..▓
▓...§v§§§▓
▓....§§..▓
▓.▓.§.§▓§▓
▓...©§..§▓
▓▓▓▓▓▓▓▓▓▓


You could see an air elemental and 3 insubstantial wisps.

Vanquished Creatures
  A porcupine (D)
  A water moccasin (D)
  3 scorpions (D)
  2 adders (D)
  A ball python (D)
  A jackal (D)
9 creatures vanquished.

Notes
Turn   | Place    | Note
-------+----------+-------------------------------------------
     0 | D        | Found the +6 Majin-Bo {vamp, Archmagi MP+6 Int+6}
     0 | D        | Found the +7 great mace "Firestarter" {inner flame, rF++}
     0 | D        | MuseOD the Spriggan Enchanter began the quest for the Orb.
     0 | D        | Reached XP level 1. HP: 9/9 MP: 5/5
     0 | D        | Found a deep blue altar of Sif Muna.
     0 | D        | Found a bloodstained altar of Trog.
     0 | D        | Found a sacrificial altar of Ru.
     0 | D        | Found a stormy altar of Qazlal.
     0 | D        | Found an iron altar of Okawaru.
     1 | D        | Found a sparkling altar of Nemelex Xobeh.
     1 | D        | Found a blossoming altar of Fedhas.
     3 | D        | Found a transporter.
     3 | D        | Found an ancient bone altar of Kikubaaqudgha.
     3 | D        | Found a viscous altar of Jiyva.
     3 | D        | Found a corrupted altar of Lugonu.
     3 | D        | Found a hazy altar of Hepliaklqana.
     3 | D        | Found a burning altar of Makhleb.
     3 | D        | Found an opulent altar of Gozag.
    29 | D        | Became a worshipper of Dithmenos the Shadowed
    30 | D        | Reached skill level 5 in Short Blades
    30 | D        | Reached skill level 7 in Stealth
    30 | D        | Reached XP level 2. HP: 16/16 MP: 6/6
    34 | D        | Learned a level 2 spell: Ensorcelled Hibernation
    41 | D        | Entered arena 2.
    41 | D        | Noticed a porcupine
    41 | D        | Found a transporter.
    44 | D        | Killed a porcupine
    44 | D        | Reached skill level 9 in Stealth
    44 | D        | Reached XP level 3. HP: 21/21 MP: 8/8
    44 | D        | Reached XP level 4. HP: 25/25 MP: 9/9
    55 | D        | Learned a level 3 spell: Confuse
   121 | D        | Entered arena 3.
   121 | D        | Found a transporter.
   126 | D        | Reached * piety under Dithmenos
   126 | D        | Reached skill level 10 in Stealth
   126 | D        | Reached XP level 5. HP: 29/29 MP: 5/11
   128 | D        | Reached skill level 5 in Hexes
   131 | D        | Reached skill level 5 in Spellcasting
   309 | D        | Learned a level 3 spell: Dazzling Spray
   311 | D        | Entered arena 4.
   311 | D        | Noticed a water moccasin
   311 | D        | Found a transporter.
   312 | D        | Found the +12 Vampire's Tooth {vamp}
   316 | D        | Reached ** piety under Dithmenos
   316 | D        | Reached skill level 11 in Stealth
   316 | D        | Reached XP level 6. HP: 33/33 MP: 11/14
   318 | D        | Killed a water moccasin
   481 | D        | Entered arena 5.
   481 | D        | Noticed an air elemental
   481 | D        | Noticed an insubstantial wisp
   481 | D        | Noticed an insubstantial wisp
   481 | D        | Noticed an insubstantial wisp
   481 | D        | Found a transporter.
   482 | D        | Found the ring of the Mage {Wiz MR++ Int+3}
   488 | D        | Killed from afar by an insubstantial wisp

Skill      XL: |  1  2  3  4  5  6 |
---------------+-------------------+-----
Fighting       | 2 4 |  4.2
Short Blades   | 5 8 9 |  9.8
Stealth        | 7 9 10 11 | 11.8
Spellcasting   | 3 5 6 |  6.4
Hexes          | 4 5 6 |  6.9
Dodging        | |  3.0

Action                   |  1- 3 |  4- 6 || total
-------------------------+-------+-------++-------
Melee: Quick blade       |     1 |    11 ||    12
 Cast: Ensorcelled Hiber |       |    11 ||    11
  Use: Potion            |     1 |       ||     1
 Stab: Sleeping          |     1 |     8 ||     9
Armor: Robe              |       |     1 ||     1
Dodge: Dodged            |       |    15 ||    15
